[Event "Titled Tuesday Blitz February 07 Early 2023"]
[White "Karttunen, Mika"]
[Black "Rose, Felix"]
[WhiteFideId "502081"]
[BlackFideId "5105722"]
[WhiteElo "2490"]
[BlackElo "2091"]
[Result "1-0"]
[Round "11"]
[TimeControl "180+2"]
[Date "2023.02.07"]
[WhiteClock "0:01:34"]
[BlackClock "0:00:16"]

1. e4 e5 2. Nf3 Nc6 3. Bb5 a6 4. Bxc6 dxc6 5. O-O Qf6 6. d3 Bg4 7. Nbd2 h5 8. h3 Be6 9. Re1 O-O-O 10. Nf1 Re8 11. Ng3 Ne7 12. Bg5 Qg6 13. Bxe7 Bxe7 14. Nxe5 Qf6 15. d4 h4 16. Nf1 Rd8 17. c3 c5 18. Ng4 Qg6 19. d5 Bd7 20. Ne5 Qg5 21. Nxd7 Rxd7 22. Qg4 Qe5 23. f4 Qd6 24. Ne3 g6 25. Nc4 Qf6 26. a4 Kd8 27. Rad1 g5 28. f5 Qh6 29. e5 b5 30. Na5 c4 31. Nc6+ Kc8 32. f6 Bc5+ 33. Kh1 Qh5 34. Qf5 Qg6 35. Qxg6 fxg6 36. e6 Rd6 37. axb5 axb5 38. f7 Rf8 39. e7 Rxc6 40. e8=Q+ Kb7 41. Qxc6+ 1-0


[Site "https://www.chess.com"]

[Event "Titled Tuesday Blitz February 07 Early 2023"]
[White "Mushini Ajay"]
[Black "Ordekalog"]
[WhiteFideId "35066188"]
[WhiteElo "2310"]
[BlackElo "2555"]
[Result "0-1"]
[Round "11"]
[TimeControl "180+2"]
[Date "2023.02.07"]
[WhiteClock "0:00:10"]
[BlackClock "0:00:20"]

1. e4 d5 2. exd5 Qxd5 3. Nc3 Qa5 4. d4 Nf6 5. Bc4 Bg4 6. Nf3 Nc6 7. Bd2 Qf5 8. d5 Bxf3 9. gxf3 Nd4 10. Nb5 Nxf3+ 11. Kf1 Qh3+ 12. Ke2 O-O-O 13. Nxa7+ Kb8 14. Be3 Qg4 15. Bb3 Ne4 16. h3 Qh5 17. Kf1 e6 18. Nb5 Bc5 19. Bxc5 Nxc5 20. Nd4 Nxb3 21. axb3 Qxd5 22. Qxf3 Qxd4 23. Kg2 Qd5 24. Rhd1 Qxf3+ 25. Kxf3 c6 26. Ke4 Kc7 27. c3 Rd5 28. Rxd5 cxd5+ 29. Kd4 Kd6 30. Ra7 e5+ 31. Kd3 Kc6 32. c4 d4 33. b4 f5 34. f4 exf4 35. Kxd4 Rd8+ 36. Ke5 f3 37. Ra3 Re8+ 38. Kxf5 Rf8+ 39. Ke6 f2 40. b5+ Kc5 41. Ke7 Rf4 42. Rf3 Rxf3 0-1


[Site "https://www.chess.com"]

[Event "Titled Tuesday Blitz February 07 Early 2023"]
[White "matenitian"]
[Black "Hoffmann, Asa"]
[BlackFideId "2001470"]
[WhiteElo "2479"]
[BlackElo "2185"]
[Result "1-0"]
[Round "11"]
[TimeControl "180+2"]
[Date "2023.02.07"]
[WhiteClock "0:00:11"]
[BlackClock "0:00:37"]

1. e4 d6 2. d4 Nf6 3. Nc3 c6 4. Nf3 Bg4 5. h3 Bh5 6. Be2 e6 7. O-O d5 8. e5 Nfd7 9. Be3 c5 10. g4 Bg6 11. Nb5 cxd4 12. Nbxd4 Nc6 13. Nxc6 bxc6 14. c3 Bc5 15. Qd2 Qb6 16. Bxc5 Nxc5 17. b3 O-O 18. Nh4 Ne4 19. Qc1 Qc5 20. c4 d4 21. Qf4 Nc3 22. Bf3 Rad8 23. Qd2 Qxe5 24. Rfe1 Qf6 25. g5 Qe7 26. Bxc6 e5 27. Nxg6 fxg6 28. Be4 Rf4 29. Bg2 Rdf8 30. Rf1 Qxg5 31. Rae1 Qf6 32. c5 g5 33. b4 e4 34. Rc1 g4 35. h4 Rd8 36. c6 Qxh4 37. Rxc3 dxc3 38. Qxf4 c2 39. c7 Rc8 40. Rc1 Qe7 41. Rxc2 h5 42. Bxe4 g5 43. Bd5+ Kg7 44. Qd4+ Qf6 45. Qxf6+ Kxf6 46. Bb7 1-0


[Site "https://www.chess.com"]

[Event "Titled Tuesday Blitz February 07 Early 2023"]
[White "Mrudul Dehankar"]
[Black "Jimenez, Joaquin"]
[WhiteFideId "25096990"]
[BlackFideId "109860"]
[WhiteElo "2030"]
[BlackElo "2195"]
[Result "1-0"]
[Round "11"]
[TimeControl "180+2"]
[Date "2023.02.07"]
[WhiteClock "0:00:02"]
[BlackClock "0:00:18"]

1. e4 e6 2. d4 d5 3. e5 c5 4. c3 Nc6 5. Nf3 Nh6 6. Bd3 cxd4 7. O-O Nf5 8. Bxf5 exf5 9. cxd4 Be6 10. Nc3 Be7 11. a3 O-O 12. b4 Rc8 13. Bd2 a6 14. Rc1 Na7 15. Qb3 Rc4 16. Na4 b5 17. Nb2 Nc8 18. Nxc4 dxc4 19. Qe3 Nb6 20. Ne1 Nd5 21. Qf3 Qd7 22. Nc2 Rd8 23. Ne3 Nb6 24. Bc3 g6 25. Rfd1 Bg5 26. Qg3 Bh6 27. Qh4 Bxe3 28. fxe3 Nd5 29. Qh6 Qe7 30. Be1 Qf8 31. Qxf8+ Kxf8 32. Kf2 Nb6 33. Kf3 Bd5+ 34. Kg3 Be4 35. h3 Nd5 36. Kf2 h6 37. g3 g5 38. Ke2 Kg7 39. Bf2 Kg6 40. g4 f4 41. exf4 Nxf4+ 42. Ke3 Bd5 43. h4 Ng2+ 44. Ke2 gxh4 45. Rg1 h3 46. Bg3 Kg5 47. Rcf1 Kxg4 48. Bh2 h5 49. Rf4+ Kg5 50. Rf6 Be6 51. Bf4+ Kg4 52. Be3 h4 53. Rf4+ Kh5 54. Rf3 Rg8 55. Bf2 Bg4 56. Rh1 Bxf3+ 57. Kxf3 Rg5 58. Rxh3 Rg4 59. Rh2 Nf4 60. Bxh4 Rxh4 61. Rxh4+ Kxh4 62. Kxf4 Kh5 63. d5 Kg6 64. d6 c3 65. Ke3 Kf5 66. d7 Kxe5 67. d8=Q 1-0


[Site "https://www.chess.com"]

[Event "Titled Tuesday Blitz February 07 Early 2023"]
[White "Valle Maytin, Luis Enrique"]
[Black "Levitan, Caleb Levi"]
[WhiteFideId "3503666"]
[BlackFideId "14332620"]
[WhiteElo "2241"]
[BlackElo "2129"]
[Result "1/2-1/2"]
[Round "11"]
[TimeControl "180+2"]
[Date "2023.02.07"]
[WhiteClock "0:00:09"]
[BlackClock "0:00:05"]

1. e4 c5 2. Nf3 e6 3. d4 cxd4 4. Nxd4 a6 5. Nc3 b5 6. a3 Bb7 7. f4 Nc6 8. Be2 Bc5 9. Nb3 Ba7 10. Qd3 Nge7 11. Be3 Bxe3 12. Qxe3 O-O 13. O-O Qc7 14. Rad1 Rfd8 15. Bf3 Ng6 16. e5 d6 17. exd6 Rxd6 18. Rxd6 Qxd6 19. Rd1 Qc7 20. Nc5 Rd8 21. Nxb7 Rxd1+ 22. Nxd1 Qxb7 23. Qc5 Nge7 24. b4 Qd7 25. Nb2 Qd4+ 26. Qxd4 Nxd4 27. Be4 f5 28. Bd3 Nd5 29. g3 Nc3 30. Kf2 Nb1 31. a4 Nc3 32. axb5 axb5 33. Ke3 Nc6 34. Kd2 Ne4+ 35. Bxe4 fxe4 36. c3 Ne7 37. Ke3 Nd5+ 38. Kd4 e3 39. Kd3 e2 40. Kxe2 Nxc3+ 41. Kd2 Nd5 42. Nd3 Kf7 43. Kc2 Ke7 44. Kb3 Kd6 45. Ne5 Ne3 46. Kc3 Nf1 47. Nf3 Ne3 48. Nd4 Nd5+ 49. Kb3 Nc7 50. Kc3 Kd5 51. h3 e5 52. fxe5 Kxe5 53. Kd3 Kd5 54. Nf3 Na6 55. Kc3 h6 56. Nd4 Nc7 57. Kd3 Na6 58. Nxb5 Nxb4+ 59. Ke3 Ke5 60. Nd4 Nd5+ 61. Kd3 g5 62. Nf3+ Kf5 63. Ke2 Ke4 64. Nd2+ Kf5 65. Kf3 h5 66. Nc4 g4+ 67. hxg4+ hxg4+ 68. Ke2 Ke4 69. Nd2+ Kd4 70. Nb3+ Kc3 71. Nd2 Nb4 72. Ne4+ Kd4 73. Nf2 Nd5 74. Nxg4 Nc3+ 75. Kf3 Ne4 76. Nf2 Nxg3 1/2-1/2


[Site "https://www.chess.com"]

[Event "Titled Tuesday Blitz February 07 Early 2023"]
[White "JonSnowNW1"]
[Black "Ronka, Erik"]
[BlackFideId "505080"]
[WhiteElo "2329"]
[BlackElo "2276"]
[Result "0-1"]
[Round "11"]
[TimeControl "180+2"]
[Date "2023.02.07"]
[WhiteClock "0:00:10"]
[BlackClock "0:00:18"]

1. c4 c5 2. Nc3 e6 3. e4 d6 4. g3 b6 5. Bg2 Bb7 6. Nge2 Nd7 7. O-O Ngf6 8. d3 Be7 9. h3 Qc7 10. f4 O-O 11. g4 h6 12. Ng3 Nh7 13. f5 Ne5 14. Bf4 a6 15. Qd2 b5 16. b3 b4 17. Nce2 a5 18. Be3 a4 19. fxe6 fxe6 20. Nf4 Qd7 21. Ngh5 Bh4 22. d4 cxd4 23. Bxd4 Bg5 24. Bxe5 Rad8 25. Bxg7 Rf7 26. h4 Bxh4 27. Bxh6 e5 28. Nd5 Qxg4 29. Qd1 Qg6 30. Rxf7 Kxf7 31. Qf3+ Kg8 32. Rf1 Ng5 33. Nhf6+ Kh8 34. Qg4 Bc8 35. Qh5 Qxh5 36. Nxh5 Kh7 37. Bxg5 Bxg5 38. Nhf6+ Kg6 39. Ng4 Bxg4 40. Bf3 Be6 41. Nxb4 axb3 42. axb3 Rb8 43. Nd5 Rxb3 44. Bd1 Rd3 45. Be2 Rd2 46. Rf2 Bxd5 47. cxd5 Be3 48. Kf1 Bxf2 49. Kxf2 Rd4 50. Ke3 Kg5 51. Bd3 Ra4 52. Be2 Ra3+ 53. Bd3 Kg4 54. Kd2 Kg3 55. Ke3 Kg2 56. Kd2 Rb3 57. Ke3 Kg3 58. Kd2 Kf4 59. Ke2 Rb2+ 60. Kd1 Ke3 61. Kc1 Rb4 62. Bc2 Rxe4 63. Bxe4 Kxe4 64. Kd2 Kxd5 65. Kd3 e4+ 66. Ke3 Ke5 67. Kd2 d5 68. Ke2 d4 69. Kd2 Kf4 70. Ke2 e3 71. Kd3 Kf3 72. Kc2 e2 73. Kd2 Kf2 74. Kc2 e1=Q 75. Kb2 d3 76. Ka2 d2 77. Kb2 d1=Q 78. Ka2 Qed2+ 79. Ka3 Q1c1+ 80. Ka4 Qa1+ 81. Kb5 Qb1+ 82. Kc4 Qdc2+ 83. Kd5 Qbd1+ 84. Ke5 Qce2+ 85. Kf5 Qd5+ 86. Kf4 Qee4# 0-1


[Site "https://www.chess.com"]

[Event "Titled Tuesday Blitz February 07 Early 2023"]
[White "Chakravarthi Reddy, M"]
[Black "Forgacs, Attila Jr."]
[WhiteFideId "25009532"]
[BlackFideId "773654"]
[WhiteElo "2279"]
[BlackElo "2264"]
[Result "0-1"]
[Round "11"]
[TimeControl "180+2"]
[Date "2023.02.07"]
[WhiteClock "0:01:23"]
[BlackClock "0:01:37"]

1. e4 e5 2. Nf3 Nc6 3. Bc4 Nf6 4. d3 h6 5. Nbd2 d6 6. c3 g5 7. Nf1 d5 8. exd5 Nxd5 9. Bxd5 Qxd5 10. Ne3 Qd8 11. O-O Bg7 12. Re1 O-O 13. Qe2 f5 14. Nd2 Be6 15. Ndc4 Qf6 16. Nf1 Bxc4 17. dxc4 e4 18. Ng3 Rae8 19. Nh5 Qg6 20. Nxg7 Kxg7 21. Be3 f4 22. Bd4+ Nxd4 23. cxd4 e3 24. fxe3 Rxe3 25. Qf2 Rfe8 26. Rxe3 Rxe3 27. Re1 Qe4 28. Rxe3 fxe3 29. Qe1 Qxd4 30. Qc3 c5 31. Kf1 Kf6 32. Ke2 Kf5 33. Qxe3 Qxc4+ 34. Qd3+ Qxd3+ 35. Kxd3 b5 36. a4 a6 37. axb5 axb5 38. Kc3 Ke4 0-1


[Site "https://www.chess.com"]

[Event "Titled Tuesday Blitz February 07 Early 2023"]
[White "Buchenau, Frank"]
[Black "Vifleemskaia, Svetlana"]
[WhiteFideId "4604350"]
[BlackFideId "4129490"]
[WhiteElo "2222"]
[BlackElo "1971"]
[Result "1-0"]
[Round "11"]
[TimeControl "180+2"]
[Date "2023.02.07"]
[WhiteClock "0:02:18"]
[BlackClock "0:01:32"]

1. e4 e5 2. Nf3 Nc6 3. Bc4 Nf6 4. d3 Be7 5. O-O O-O 6. Re1 d5 7. exd5 Nxd5 8. Nxe5 Nxe5 9. Rxe5 Nb6 10. Bb3 Bd6 11. Bg5 Qd7 12. Re1 Qf5 13. Be7 Bxe7 14. Rxe7 Qg5 15. Qe2 Bg4 16. Qe3 Qxe3 17. fxe3 Rae8 18. Bxf7+ Rxf7 19. Rxe8+ Rf8 20. Rxf8+ 1-0


[Site "https://www.chess.com"]

[Event "Titled Tuesday Blitz February 07 Early 2023"]
[White "Ansh M Shah"]
[Black "Schut, Han"]
[WhiteFideId "25033379"]
[BlackFideId "1005561"]
[WhiteElo "2171"]
[BlackElo "2101"]
[Result "1-0"]
[Round "11"]
[TimeControl "180+2"]
[Date "2023.02.07"]
[WhiteClock "0:00:11"]
[BlackClock "0:00:08"]

1. d4 Nf6 2. c4 g6 3. h4 d5 4. cxd5 Nxd5 5. h5 c5 6. hxg6 fxg6 7. dxc5 Nc6 8. Nf3 Bg7 9. e4 Ndb4 10. Qxd8+ Nxd8 11. Na3 Be6 12. Bb5+ Ndc6 13. O-O O-O-O 14. Bc4 Bxc4 15. Nxc4 Nc2 16. Rb1 N2d4 17. Nxd4 Nxd4 18. Be3 Kb8 19. Rfd1 e5 20. b4 Rd7 21. Rd2 Rhd8 22. Rbd1 a6 23. a3 h6 24. Nb6 Rf7 25. Nd5 g5 26. Nc3 Rdf8 27. Ne2 Nxe2+ 28. Rxe2 Kc7 29. Red2 Rd7 30. Rxd7+ 1-0


[Site "https://www.chess.com"]

[Event "Titled Tuesday Blitz February 07 Early 2023"]
[White "Avazkhonov, Alikhon"]
[Black "Sovetbekova, Nurai"]
[WhiteFideId "14208504"]
[BlackFideId "13801910"]
[WhiteElo "1538"]
[BlackElo "1764"]
[Result "1-0"]
[Round "11"]
[TimeControl "180+2"]
[Date "2023.02.07"]
[WhiteClock "0:00:03"]
[BlackClock "0:01:10"]

1. d4 Nf6 2. c4 g6 3. Nc3 d5 4. cxd5 Nxd5 5. e4 Nxc3 6. bxc3 Bg7 7. Be3 c5 8. Nf3 Qa5 9. Qd2 cxd4 10. cxd4 Qxd2+ 11. Kxd2 Nc6 12. Rc1 O-O 13. d5 Na5 14. h4 Rd8 15. Rc5 b6 16. Rc7 e6 17. Ng5 exd5 18. Nxf7 Rf8 19. Nh6+ Bxh6 20. Bxh6 Rxf2+ 21. Ke3 Rxa2 22. exd5 Bf5 23. Rg7+ Kh8 24. Bb5 Rb2 25. Bc6 Nxc6 26. dxc6 Rf8 27. Re7 Rc8 28. Bg7+ Kg8 29. Bxb2 Rxc6 30. Rg7+ Kf8 31. Rxh7 Rc2 32. Rh8+ Kf7 33. Bd4 Rxg2 34. Rh7+ Ke6 35. Rxa7 Rg3+ 36. Kf2 Rb3 37. Ra6 Kd5 38. Rxb6 Rd3 39. Be3 Ra3 40. Rd1+ Bd3 41. Rxg6 Ke4 42. Rg4+ Kf5 43. Rd4 Be4 44. Rxe4 Kxe4 45. Rd4+ Kf5 46. Rf4+ Kg6 47. Kf3 Ra1 48. Rb4 Rf1+ 49. Bf2 Rc1 50. Kg4 Rc2 51. h5+ Kh7 52. Rb7+ Kg8 53. Be3 Rc4+ 54. Kf5 Rc3 55. Bg5 Rc5+ 56. Kg6 Kf8 57. Rb8+ 1-0


[Site "https://www.chess.com"]

[Event "Titled Tuesday Blitz February 07 Early 2023"]
[White "Fajdetic, Hrvoje"]
[Black "Jakubowska, Anna"]
[WhiteFideId "14501945"]
[BlackFideId "1121952"]
[WhiteElo "2151"]
[BlackElo "2139"]
[Result "1-0"]
[Round "11"]
[TimeControl "180+2"]
[Date "2023.02.07"]
[WhiteClock "0:00:09"]
[BlackClock "0:00:09"]

1. f4 f5 2. Nf3 Nf6 3. e3 g6 4. Be2 Bg7 5. Nc3 d6 6. b3 e5 7. fxe5 dxe5 8. Nxe5 Nd5 9. Nxd5 Qxd5 10. d4 Bxe5 11. dxe5 Qxe5 12. Qd4 Qxd4 13. exd4 O-O 14. Bc4+ Kg7 15. Bb2 Re8+ 16. Kf2 Bd7 17. Rae1 Na6 18. d5+ Kh6 19. Bc1+ g5 20. h4 f4 21. hxg5+ Kxg5 22. Rxh7 Rxe1 23. Kxe1 Bf5 24. Rh2 Nb4 25. g3 Nxc2+ 26. Kf2 Ne3 27. gxf4+ Kxf4 28. Bxe3+ Ke5 29. Rh5 Kf6 30. Rh6+ Kg7 31. Rh5 Rf8 32. Rg5+ Kh7 33. Kg3 Bg6 34. Bd4 Kh6 35. Rg4 Re8 36. Rh4+ Kg5 37. Rg4+ Kh6 38. Kf2 Rf8+ 39. Kg2 Re8 40. Kg3 Rd8 41. Be3+ Kh7 42. Bd4 c6 43. dxc6 bxc6 44. Rh4+ Bh5 45. Rxh5+ Kg6 46. Rh4 c5 47. Rg4+ Kf5 48. Bd3+ Ke6 49. Be3 Rxd3 50. Kf3 Kd6 51. Re4 Kc6 52. Rc4 Rd5 53. b4 Rf5+ 54. Ke4 Rf8 55. Rxc5+ Kb7 56. a4 Re8+ 57. Re5 Rd8 58. a5 Rc8 59. b5 Rc4+ 60. Bd4 Ra4 61. a6+ Kb8 62. Re8+ Kc7 63. Re7+ Kd6 64. Rxa7 Ra5 65. Rb7 Ra4 66. a7 Ra3 67. b6 Kc6 68. Rc7+ Kd6 69. Rc8 Ra4 70. a8=Q Rxa8 71. Rxa8 1-0


[Site "https://www.chess.com"]

[Event "Titled Tuesday Blitz February 07 Early 2023"]
[White "Goncalves, Davi Sulzbacher"]
[Black "Dzhaparov, Medet"]
[WhiteFideId "2154510"]
[BlackFideId "13803689"]
[WhiteElo "2282"]
[BlackElo "1578"]
[Result "1-0"]
[Round "11"]
[TimeControl "180+2"]
[Date "2023.02.07"]
[WhiteClock "0:00:58"]
[BlackClock "0:00:13"]

1. d4 Nf6 2. c4 g6 3. Nc3 d5 4. cxd5 Nxd5 5. e4 Nxc3 6. bxc3 Bg7 7. Bc4 c5 8. Ne2 Nc6 9. Be3 O-O 10. h4 Qa5 11. Kf1 cxd4 12. cxd4 b5 13. Bd5 Bb7 14. h5 e6 15. Bb3 Ne7 16. Bg5 Rfe8 17. e5 Qb6 18. Qd3 Qc6 19. Qh3 h6 20. Bxe7 Rxe7 21. hxg6 fxg6 22. Rc1 Qd7 23. Nf4 Kf7 24. Qg4 Be4 25. Nxe6 Bd3+ 26. Kg1 Rxe6 27. Qf3+ Bf5 28. Qxa8 Ke7 29. Qb8 h5 30. Rc7 1-0


[Site "https://www.chess.com"]

[Event "Titled Tuesday Blitz February 07 Early 2023"]
[White "Begunov, Konstantin"]
[Black "Fabris, Alberto"]
[WhiteFideId "4118510"]
[BlackFideId "801348"]
[WhiteElo "2325"]
[BlackElo "2230"]
[Result "1-0"]
[Round "11"]
[TimeControl "180+2"]
[Date "2023.02.07"]
[WhiteClock "0:00:22"]
[BlackClock "0:00:12"]

1. d4 Nf6 2. c4 e6 3. Nf3 d5 4. Nc3 c6 5. cxd5 exd5 6. Bg5 Be7 7. Qc2 O-O 8. e3 Nbd7 9. Bd3 Re8 10. O-O Nf8 11. Rab1 Ne4 12. Bxe4 dxe4 13. Bxe7 Qxe7 14. Nd2 f5 15. d5 Bd7 16. Nc4 Qf6 17. Rbd1 Rad8 18. Rd2 Ng6 19. Rfd1 c5 20. d6 Ne5 21. Nd5 Qg5 22. Nxe5 Rxe5 23. Qxc5 Kh8 24. Qc7 Bc6 25. Ne7 Rf8 26. Nxc6 bxc6 27. d7 Rd5 28. Qxc6 Rxd2 29. Rxd2 h5 30. Qd5 Rd8 31. Qe5 Kh7 32. g3 h4 33. Rd5 g6 34. Qf4 Qxf4 35. gxf4 Kg7 36. Kg2 Kf6 37. Kh3 Ke6 38. Rd4 Rxd7 39. Rxd7 Kxd7 40. Kxh4 Ke6 41. Kg5 Kf7 42. h4 Kg7 43. b4 1-0


[Site "https://www.chess.com"]

[Event "Titled Tuesday Blitz February 07 Early 2023"]
[White "Hajiyev, Kanan"]
[Black "Antonio, Jorge Carlos"]
[WhiteFideId "13404148"]
[BlackFideId "113190"]
[WhiteElo "2197"]
[BlackElo "2277"]
[Result "1-0"]
[Round "11"]
[TimeControl "180+2"]
[Date "2023.02.07"]
[WhiteClock "0:02:25"]
[BlackClock "0:01:57"]

1. d4 d5 2. Nf3 c6 3. c4 e6 4. cxd5 exd5 5. Nc3 Nf6 6. Bg5 Be7 7. Qc2 h6 8. Bf4 Bg4 9. Ne5 Be6 10. e3 Nbd7 11. Bd3 Nxe5 12. Bxe5 O-O 13. O-O Nd7 14. Bg3 Nf6 15. h3 Bd6 16. Bxd6 Qxd6 17. Rab1 a6 18. Na4 Nd7 19. Rfc1 Qe7 20. Nc5 Nxc5 21. Qxc5 Qg5 22. Kh2 f5 23. Qd6 Rf6 24. Qf4 Qxf4+ 25. exf4 Bf7 26. Re1 Re8 27. Re5 Rxe5 28. fxe5 Re6 29. Bxf5 Re8 30. b4 Be6 31. Bxe6+ Rxe6 32. f4 g6 33. g4 Kf7 34. f5 gxf5 35. gxf5 Re8 36. Rg1 Rc8 37. f6 b6 38. Rg7+ Ke6 39. Re7+ Kf5 40. f7 Ke4 41. Re8 1-0


[Site "https://www.chess.com"]

[Event "Titled Tuesday Blitz February 07 Early 2023"]
[White "Fan_Of_Chucky"]
[Black "Gatterer, Florian"]
[BlackFideId "811688"]
[WhiteElo "2269"]
[BlackElo "2170"]
[Result "1-0"]
[Round "11"]
[TimeControl "180+2"]
[Date "2023.02.07"]
[WhiteClock "0:00:19"]
[BlackClock "0:00:20"]

1. d4 d6 2. c4 Nf6 3. Nf3 g6 4. g3 Bg7 5. Bg2 O-O 6. O-O c5 7. dxc5 dxc5 8. Bf4 Nc6 9. Nc3 Be6 10. Ne5 Nxe5 11. Bxe5 Qb6 12. Qb3 Ng4 13. Bxg7 Kxg7 14. Bxb7 Qxb3 15. axb3 Rab8 16. Rxa7 Rfd8 17. Bd5 Bxd5 18. Nxd5 Rxb3 19. Rxe7 Rxb2 20. Ra1 Nf6 21. Nxf6 Kxf6 22. Raa7 Rf8 23. Rec7 Rxe2 24. Rxc5 h5 25. h4 Rc2 26. Rd7 Re8 27. Rcc7 Rf8 28. c5 Ke6 29. Rd6+ Ke5 30. Re7+ Kf5 31. c6 Rc8 32. Rxf7+ Ke5 33. Rxg6 R8xc6 34. Rxc6 Rxc6 35. Rh7 Kf5 36. Rxh5+ Kg4 37. Re5 Kh3 38. Re1 Rc5 39. Ra1 Rb5 40. Kf1 Rc5 41. Ke2 Rf5 42. Ra4 Re5+ 43. Kf3 Rb5 44. Re4 Rb3+ 45. Re3 Rb6 46. h5 Rf6+ 47. Ke2 Kg4 48. Re4+ Kxh5 49. Rf4 Re6+ 50. Kf3 Kg5 51. Ra4 Rf6+ 52. Kg2 Rc6 53. f3 Rc5 54. Kh3 Rb5 55. g4 Rb1 56. Kg3 Rg1+ 57. Kf2 Rb1 58. Ra5+ Kg6 59. Kg3 Rg1+ 60. Kf4 Rb1 61. Ra6+ Kg7 62. g5 Rb4+ 63. Kf5 Rb5+ 64. Kg4 Rb1 65. f4 Rb5 66. f5 Rc5 67. Ra7+ Kg8 68. g6 Rb5 69. f6 Kf8 70. Ra8+ 1-0


[Site "https://www.chess.com"]

[Event "Titled Tuesday Blitz February 07 Early 2023"]
[White "Alhadad, Mahmoud"]
[Black "Nikologorsky, Matfei"]
[WhiteFideId "11501863"]
[BlackFideId "24102474"]
[WhiteElo "1840"]
[BlackElo "2182"]
[Result "1-0"]
[Round "11"]
[TimeControl "180+2"]
[Date "2023.02.07"]
[WhiteClock "0:00:12"]
[BlackClock "0:00:06"]

1. e4 c5 2. Nc3 e6 3. f4 d5 4. exd5 exd5 5. Bb5+ Nc6 6. Nf3 Nf6 7. O-O Be7 8. d3 O-O 9. Bxc6 bxc6 10. Ne5 Qc7 11. Qe1 Bd6 12. Qf2 Rb8 13. b3 d4 14. Na4 Be6 15. Ba3 Bxe5 16. fxe5 Ng4 17. Qg3 Ne3 18. Rf2 Rb5 19. Nxc5 Bd5 20. Na4 Re8 21. Bc5 Rxc5 22. Nxc5 Rxe5 23. Nd7 Qxd7 24. Qxe5 f6 25. Qxd4 Ng4 26. Re2 h5 27. c4 Qc7 28. g3 Bf7 29. Rae1 Ne5 30. Rxe5 fxe5 31. Qxe5 Qb6+ 32. d4 Qa6 33. Re2 Qa3 34. Rf2 Qc1+ 35. Kg2 Bg6 36. Qb8+ Kh7 37. Qf4 Qb1 38. g4 Be4+ 39. Kg3 Qg1+ 40. Kh4 hxg4 41. Qxe4+ g6 42. Qe7+ Kh6 43. Qg5+ Kg7 44. Qe5+ Kh6 45. Qe3+ Kg7 46. Rf7+ 1-0


[Site "https://www.chess.com"]

[Event "Titled Tuesday Blitz February 07 Early 2023"]
[White "Mendez Machado, Andre"]
[Black "Alfaro, William"]
[WhiteFideId "6603793"]
[BlackFideId "6100457"]
[WhiteElo "1974"]
[BlackElo "2134"]
[Result "1-0"]
[Round "11"]
[TimeControl "180+2"]
[Date "2023.02.07"]
[WhiteClock "0:00:13"]
[BlackClock "0:00:57"]

1. e4 c5 2. Nc3 a6 3. d4 cxd4 4. Qxd4 b5 5. Qe3 Bb7 6. Bd3 Nf6 7. Nf3 d6 8. O-O e6 9. b3 Be7 10. Bb2 O-O 11. h3 Nbd7 12. Rad1 Qb6 13. Qg5 Qc5 14. Qg3 Nh5 15. Qh2 e5 16. Ne2 g6 17. g4 Ng7 18. c4 b4 19. Bc1 Ne6 20. Be3 Qc8 21. Bh6 Rd8 22. Nd2 Ndc5 23. Bb1 a5 24. f4 exf4 25. Nxf4 Ng7 26. Nd5 Bxd5 27. exd5 Qd7 28. Qf2 Rf8 29. Nf3 a4 30. Nd4 axb3 31. axb3 Ra2 32. Bxa2 Bd8 33. Bb1 Qa7 34. Nc6 Qa3 35. Nxd8 Qxb3 36. Bxg7 Kxg7 37. Ne6+ 1-0


[Site "https://www.chess.com"]

[Event "Titled Tuesday Blitz February 07 Early 2023"]
[White "Onslow, Alfie"]
[Black "Carrasco Miranda, Andres"]
[WhiteFideId "436976"]
[BlackFideId "3405990"]
[WhiteElo "2157"]
[BlackElo "2240"]
[Result "1-0"]
[Round "11"]
[TimeControl "180+2"]
[Date "2023.02.07"]
[WhiteClock "0:00:01"]
[BlackClock "0:00:04"]

1. Nf3 Nf6 2. b3 g6 3. Bb2 Bg7 4. e3 O-O 5. Be2 d5 6. O-O c5 7. c4 Nc6 8. cxd5 Qxd5 9. Nc3 Qf5 10. d3 Rd8 11. a3 b6 12. Rc1 Bb7 13. Qc2 Rac8 14. Rfd1 e5 15. Ne4 Nxe4 16. dxe4 Qe6 17. Bc4 Qe7 18. Bd5 Na5 19. Bc3 Bxd5 20. exd5 e4 21. Nd2 Bxc3 22. Qxc3 Rxd5 23. Nc4 Rxd1+ 24. Rxd1 Nxc4 25. Qxc4 Rd8 26. Rxd8+ Qxd8 27. g3 Qd1+ 28. Kg2 Qf3+ 29. Kg1 h5 30. h4 Qd1+ 31. Kg2 Qd3 32. Qc1 Qxb3 33. Qd2 Qd3 34. Qb2 c4 35. Qb5 c3 36. Qe8+ Kg7 37. Qe5+ Kh7 38. g4 c2 39. gxh5 Qd7 40. hxg6+ fxg6 41. Qc3 Qg4+ 42. Kh2 Qxh4+ 43. Kg2 Qg4+ 44. Kh2 Qh5+ 45. Kg2 Qc5 46. Qf6 c1=Q 47. Qh4+ Kg8 48. Qf6 Qf5 49. Qd8+ Kg7 50. Qe7+ Qf7 51. Qe5+ Kg8 52. Qxe4 1-0


[Site "https://www.chess.com"]

[Event "Titled Tuesday Blitz February 07 Early 2023"]
[White "Good, Daniel"]
[Black "Miszler, Levente"]
[WhiteFideId "1302388"]
[BlackFideId "763276"]
[WhiteElo "2141"]
[BlackElo "2271"]
[Result "0-1"]
[Round "11"]
[TimeControl "180+2"]
[Date "2023.02.07"]
[WhiteClock "0:00:11"]
[BlackClock "0:01:39"]

1. e4 c6 2. d4 d5 3. e5 Bf5 4. Nc3 e6 5. g4 Bg6 6. Nh3 a6 7. Nf4 c5 8. Be3 cxd4 9. Bxd4 Nc6 10. h4 h5 11. Nxg6 fxg6 12. Bd3 Nge7 13. Ne2 hxg4 14. c3 Nf5 15. Nf4 Rxh4 16. Rxh4 Qxh4 17. Nxe6 Kf7 18. Nc7 Ncxd4 19. cxd4 Bb4+ 20. Ke2 Nxd4+ 21. Ke3 Qg5+ 22. Kxd4 Qf4+ 23. Kxd5 Rd8# 0-1


[Site "https://www.chess.com"]

[Event "Titled Tuesday Blitz February 07 Early 2023"]
[White "Tobares, Leandro"]
[Black "Manon-og, Ramon Jr."]
[WhiteFideId "106402"]
[BlackFideId "5200776"]
[WhiteElo "2189"]
[BlackElo "1999"]
[Result "0-1"]
[Round "11"]
[TimeControl "180+2"]
[Date "2023.02.07"]
[WhiteClock "0:01:17"]
[BlackClock "0:00:44"]

1. e4 c6 2. Nf3 d5 3. Nc3 d4 4. Ne2 c5 5. d3 Nc6 6. g3 e5 7. Bg2 Nf6 8. O-O Be7 9. Ne1 O-O 10. f4 exf4 11. gxf4 Bg4 12. Nf3 Rc8 13. Qe1 Nb4 14. Qd1 c4 15. a3 cxd3 16. cxd3 Nc2 17. Rb1 Ne3 18. Bxe3 dxe3 19. Ne5 Bc5 20. Bf3 Bh3 21. Re1 Bd6 22. d4 Nd7 23. Nd3 Qh4 24. e5 Be7 25. Bxb7 Rc7 26. Bg2 Bg4 27. Qb3 Rfc8 28. Ng3 Rc2 29. Rxe3 Rd2 30. Rd1 Rxd1+ 31. Qxd1 Bxd1 0-1


[Site "https://www.chess.com"]

[Event "Titled Tuesday Blitz February 07 Early 2023"]
[White "Jenkins, Drake"]
[Black "Dilmukhametov, Artur"]
[WhiteFideId "2022397"]
[BlackFideId "24179922"]
[WhiteElo "2130"]
[BlackElo "2276"]
[Result "0-1"]
[Round "11"]
[TimeControl "180+2"]
[Date "2023.02.07"]
[WhiteClock "0:00:19"]
[BlackClock "0:00:52"]

1. Nf3 d5 2. c4 d4 3. b4 f6 4. d3 e5 5. a3 a5 6. b5 Nd7 7. g3 Nc5 8. Bg2 Ne7 9. a4 Be6 10. O-O Nc8 11. Ba3 Nb6 12. Bxc5 Bxc5 13. Nbd2 O-O 14. Nb3 Nd7 15. Nfd2 Rb8 16. Nxc5 Nxc5 17. Nb3 Nxb3 18. Qxb3 c5 19. bxc6 bxc6 20. Qa3 Rb4 21. Bxc6 Qc7 22. Bb5 Qc5 23. Rab1 Rxb5 24. Qxc5 Rxc5 25. Rb6 Bh3 26. Rfb1 e4 27. R6b5 Rcc8 28. Rxa5 Bg4 29. Kf1 exd3 30. exd3 Rfe8 31. f3 Bxf3 32. Re1 Re3 33. Ra7 Rce8 34. Rxe3 dxe3 35. Ra5 Rd8 36. Rb5 Rxd3 37. Rb1 Rd2 38. Rc1 Rxh2 0-1


[Site "https://www.chess.com"]

[Event "Titled Tuesday Blitz February 07 Early 2023"]
[White "Von Buelow, Georg"]
[Black "Kornyukov, Alexey"]
[WhiteFideId "4620658"]
[BlackFideId "4150457"]
[WhiteElo "2345"]
[BlackElo "2452"]
[Result "1-0"]
[Round "11"]
[TimeControl "180+2"]
[Date "2023.02.07"]
[WhiteClock "0:01:05"]
[BlackClock "0:00:59"]

1. e4 c5 2. Nf3 Nc6 3. d4 cxd4 4. Nxd4 e5 5. Nb5 a6 6. Nd6+ Bxd6 7. Qxd6 Qe7 8. Qxe7+ Ngxe7 9. Nc3 d5 10. exd5 Nb4 11. Bd3 Nxd3+ 12. cxd3 Bf5 13. Ke2 O-O-O 14. Be3 Nxd5 15. Nxd5 Rxd5 16. Rac1+ Kb8 17. Rhd1 Rhd8 18. Rc3 e4 19. d4 Bg4+ 20. f3 exf3+ 21. gxf3 Bh5 22. Bf4+ Ka8 23. Ke3 Re8+ 24. Kf2 Rf5 25. Bg3 Rd8 26. Rdd3 Rf6 27. d5 Rb6 28. b3 Bg6 29. Bc7 Bxd3 30. Bxd8 Rd6 31. Rxd3 Rxd8 32. Ke3 Rd6 33. Kd4 b6 34. Ke5 Rd7 35. d6 Kb7 36. Kd5 g5 37. Re3 b5 38. b4 Kc8 39. Kc6 Rd8 40. Re7 Rf8 41. Ra7 Kb8 42. Rxa6 f5 43. Rb6+ Kc8 44. d7+ Kd8 45. Rb8+ Ke7 46. Rxf8 1-0


[Site "https://www.chess.com"]